AoeStats
← Denera

Golden Pit

509940198Analyzed
1v1 RM · 4d ago on Sep 28, 2026· 32m 34s· 2 players
Game mode
Random Map
Map size
Tiny (2 player)
Population
200
Speed
Normal
Resources
Standard
Victory
Conquest
Starting age
Dark Age
Ending age
Imperial Age
RankedLock teamsTeams togetherTeam positionsShared explorationLock speedFull tech treeHidden civsTurbo modeCheats
Victory
Defeat
🇦🇷 Burgundians · Argentina
1450
+15
🇧🇷 Hindustanis · Brazil
1433
-15
Denera
6:19 Loom
9:17 Feudal Age
9:44 Double-Bit Axe
10:05 Horse Collar
14:02 Town Watch
15:27 Wheelbarrow
19:51 Castle Age
18:39 Scale Mail Armor
18:30 Gold Mining
18:05 Man-at-Arms
19:48 Forging
20:09 Long Swordsman
23:18 Bow Saw
27:14 Chain Mail Armor
Hago granjitas
3:30 Double-Bit Axe
7:11 Loom
9:18 Feudal Age
9:49 Horse Collar
10:38 Bow Saw
10:55 Heavy Plow
17:12 Wheelbarrow
19:30 Castle Age
17:47 Gold Mining
18:11 Scale Mail Armor
19:48 Gold Shaft Mining
19:21 Town Watch
20:12 Forging
20:07 Pikeman
21:03 Chain Mail Armor
22:30 Iron Casting
22:29 Squires
23:58 Hand Cart
26:10 Scale Barding Armor
26:29 Light Cavalry
27:12 Husbandry
28:19 Cavalier
32:15 Chain Barding Armor
35:18 Imperial Age
Connection lost

Rejoining the realm…

Still unreachable

The connection could not be restored.

Session expired

The server has moved on; the page needs a fresh start.